 Dungeon Crawl Stone Soup version 0.28.0 (webtiles) character file.

Game seed: 2179988533692515808

126 hikkokomori the Shooter (level 4, 0/39 HPs)
             Began as a Minotaur Hunter on Feb 6, 2022.
             Slain by a gnoll (4 damage)
             ... on level 3 of the Dungeon.
             The game lasted 00:03:55 (2370 turns).

hikkokomori the Shooter (Minotaur Hunter)           Turns: 2370, Time: 00:03:55

Health: 0/39       AC:  3    Str: 18    XL:     4   Next: 83%
Magic:  12/12      EV: 12    Int:  8    God:
Gold:   64         SH:  0    Dex: 11    Spells: 3/3 levels left

rFire   . . .      SeeInvis .   p - +0 war axe (vorpal)
rCold   . . .      Faith    .   (no shield)
rNeg    . . .      Spirit   .   c - +0 leather armour
rPois   .          Reflect  .   (helmet restricted)
rElec   .          Harm     .   (no cloak)
rCorr   .          Rampage  .   (no gloves)
Will    .....                   (no boots)
Stlth   +.........              (no amulet)
HPRegen 0.13/turn               k - ring of magical power
MPRegen 0.13/turn               (no ring)

@: no status effects
A: horns 2, retaliatory headbutt
a: no special abilities


You were on level 3 of the Dungeon.
You visited 1 branch of the dungeon, and saw 4 of its levels.

You collected 64 gold pieces.

Inventory:

Hand Weapons
 a - a +1 shortbow
 b - a +0 short sword
 i - a +0 spear
 p - a +0 vorpal war axe (weapon)
Missiles
 d - 48 arrows
Armour
 c - a +0 leather armour (worn)
 o - a +0 plate armour
Jewellery
 k - a ring of magical power (left hand)
Scrolls
 g - a scroll of fear {unknown}
 j - a scroll of noise {unknown}
 l - 2 scrolls of teleportation {unknown}
 n - a scroll of torment {unknown}
Potions
 e - a potion of magic {unknown}
 f - 2 potions of brilliance
 h - 2 potions of heal wounds {unknown}
 m - 2 potions of curing {unknown}


   Skills:
 + Level 3.6 Fighting
 + Level 0.4 Axes
 + Level 5.1 Bows
 + Level 2.3 Armour
 + Level 3.3 Dodging
 - Level 1.0 Stealth


You had 3 spell levels left.
You didn't know any spells.
Your spell library was empty.

Dungeon Overview and Level Annotations

Branches:
Dungeon (4/15)
 Temple: D:4-7

Altars:
Ashenzari


Innate Abilities, Weirdness & Mutations

You have a pair of horns on your head.
You reflexively headbutt those who attack you in melee.


Message History

p - a +0 vorpal war axe (weapon)
You open the door.
There are monsters nearby!
The gnoll shouts!
There is an open door here.
The gnoll shouts!
You hear a shout!
The gnoll hits you with a +0 spear.
You hit the gnoll. You headbutt the gnoll.
You kill the gnoll!
The gnoll hits you from afar with a +2 spear of flaming.
The gnoll burns you.
The gnoll hits you from afar with a +2 spear of flaming.
The gnoll burns you.
The gnoll hits you with a +2 spear of flaming.
The gnoll burns you.
Things that are here:
a +0 spear; a gnoll corpse You hit the gnoll but do no damage.
The gnoll misses you. You furiously retaliate!
You headbutt the gnoll. You hit the gnoll but do no damage.
The gnoll is lightly wounded.
The gnoll hits you with a +2 spear of flaming.
* * * LOW HITPOINT WARNING * * *
The gnoll burns you.
* * * LOW HITPOINT WARNING * * *
The gnoll hits you but does no damage.
You hit the gnoll. You headbutt the gnoll!
You kill the gnoll!
Things that are here:
a +2 spear of flaming; a gnoll corpse You start resting.
A gnoll is nearby!
Things that are here:
a +0 spear; a gnoll corpse The gnoll hits you with a +0 spear!
* * * LOW HITPOINT WARNING * * *
You hit the gnoll.
The gnoll is heavily wounded.
The gnoll hits you with a +0 spear.
You die...

##.##......#### ....# #.##.#.
.).............. .... #.##.#.
##.........##### ... #.##...
##....)....# ##.. ### #.####.
#####g###### #.. ..# #.## ## #
#.# #.#. #.# #..# # #.# #.#. #.#
##.# # ##g## #.#.###.# #.# #
##...## #@#..##.#####.####
###..)..## ##g##.##.#.........
##.......# ##..##.##.#.###..##.
#.........####...##.##.#.###...#.
'.........')).........).......<..
#.........####...##.####.##....#.
##.......## ##.###.# #.##.#.##.
##.....## ### #.# #........
##...## ### #.##.#####


You could see a gnoll.

Vanquished Creatures
  6 gnolls
  An adder (D:2)
  2 worms (D:2)
  A dart slug (D:1)
  3 endoplasms
  3 giant cockroaches
  6 goblins
  7 hobgoblins
  2 kobolds (D:1)
  2 quokkas
  6 ball pythons
  3 bats
  2 frilled lizards
  11 rats
55 creatures vanquished.

Notes
Turn   | Place    | Note
-------+----------+-------------------------------------------
     0 | D:1      | hikkokomori the Minotaur Hunter began the quest for the
                  | Orb.
     0 | D:1      | Reached XP level 1. HP: 18/18 MP: 0/0
    37 | D:1      | Reached skill level 1 in Stealth
    71 | D:1      | Reached XP level 2. HP: 25/25 MP: 1/1
   316 | D:1      | Reached skill level 1 in Armour
   367 | D:1      | Reached XP level 3. HP: 31/31 MP: 2/2
  1359 | D:3      | Found a broken altar of Ashenzari.
  1531 | D:3      | Reached XP level 4. HP: 35/38 MP: 3/3
  1782 | D:4      | Reached skill level 5 in Bows
  2370 | D:3      | Slain by a gnoll

Illustrated notes

Levels and vault maps discovered:
D:1:      dpeg_arrival_rooms_a, layout_rooms, minmay_misc_feat_iff,
          chequers_serial_rivers_micro_b
D:2:      layout_loops_ring, minmay_3d_cube
D:3:      layout_loops_corners, old_standard_altar,
          shapermc_ecumenical_altar_notcrosses, eino_tiny_chamber
D:4:      minmay_chambers_of_fours, layout_gridville,
          mainiacjoe_overflow_catch_the_wave, minmay_misc_feat_ornament,
          uniq_ijyb

Skill      XL: |  1  2  3  4 |
---------------+-------------+-----
Stealth        | 1 |  1.0
Armour         | 1 2 |  2.3
Fighting       | 3 |  3.6
Dodging        | 3 |  3.3
Bows           | 5 |  5.1
Axes           | |  0.4

Action                   |  1- 3 |  4- 6 || total
-------------------------+-------+-------++-------
Melee: Spear             |    48 |    31 ||    79
       Headbutt          |     8 |     6 ||    14
       War axe           |       |     5 ||     5
 Fire: Shortbow          |    63 |       ||    63
  Use: Potion            |       |     1 ||     1
 Stab: Sleeping          |     1 |       ||     1
Armor: Leather armour    |    11 |     3 ||    14
Dodge: Dodged            |    26 |    14 ||    40
